Map: 乌雷纳

Players

shengy - Winner!

  • Race: Zerg Zerg
  • League: Platinum

Nero

  • Race: Zerg Zerg
  • League: Platinum

VOD

Have the link to the VOD?

Description

Time

  • Played on: Dec. 25, 2015, 3:09 p.m.
  • Length: 7:29
Show
View Real Time Build Order
Export as new Build Order

shengy Zerg - Winner!

Build Orders: Pool First 

Get SALT Encoding   

  12  0:01  Drone  
  13  0:08  Drone  
  14  0:17  Overlord  
  14  0:35  Drone x3  
  17  0:49  Spawning Pool  
  16  0:51  Drone  
  17  0:58  Drone  
  18  1:20  Hatchery  
  17  1:27  Drone x2  
  19  1:39  Queen  
  21  1:40  Extractor, Zergling x4  
  22  1:51  Overlord  
  22  2:09  Zergling x2  
  23  2:33  Drone x2  
  23  2:34  Drone x2  
  27  2:37  Roach Warren  
  27  2:39  Queen  
  28  2:49  Drone  
  28  2:50  Drone  
  30  2:54  Extractor, Drone  
  30  3:03  Drone x4  
  30  3:04  Drone  
  35  3:13  Drone  
  35  3:15  Spine Crawler  
  35  3:22  Overlord  
  35  3:24  Lair  
  35  3:28  Drone  
  36  3:36  Overlord  
  36  3:41  Metabolic Boost  
  36  3:52  Evolution Chamber, Drone x5  
  36  3:53  Drone, Evolution Chamber  
  40  4:05  Overlord  
  40  4:06  Drone x3  
  43  4:14  Drone x3  
  43  4:16  Extractor  
  45  4:24  Glial Reconstitution  
  45  4:26  Burrow  
  45  4:34  Roach x4  
  45  4:37  Roach  
  55  4:43  Overlord  
  55  4:46  Overseer  
  55  4:53  Overlord  
  55  4:55  Roach x2  
  59  5:04  Hatchery  
  58  5:11  Roach  
  58  5:12  Roach x2  
  58  5:13  Roach  
  66  5:21  Overlord x2  
  66  5:25  Zerg Missile Weapons Level 1  
  66  5:39  Roach  
  66  5:40  Roach x4  
  76  5:48  Overlord x2  
  76  5:49  Extractor  
  75  5:51  Ravager  
  75  5:52  Ravager  
  75  5:55  Zergling x2  
  75  5:56  Zergling x4  
  80  6:04  Overlord  
  80  6:05  Roach x2  
  80  6:08  Roach  
  72  6:38  Roach x5  
  72  6:39  Roach x6  
  92  6:40  Roach x5  
  90  7:01  Roach x3  
  86  7:05  Roach x8  
Show
View Real Time Build Order
Export as new Build Order

Nero Zerg 

Build Orders: Pool First 

Get SALT Encoding   

  12  0:01  Drone  
  13  0:12  Overlord  
  13  0:18  Drone  
  14  0:30  Drone  
  14  0:31  Drone  
  14  0:35  Drone  
  17  0:46  Spawning Pool  
  17  0:49  Drone  
  17  1:12  Hatchery  
  17  1:14  Drone  
  17  1:18  Extractor  
  16  1:33  Queen  
  16  1:34  Zergling x2  
  16  1:35  Zergling x2  
  16  1:38  Overlord  
  20  1:48  Drone  
  21  2:02  Drone  
  22  2:09  Queen  
  24  2:17  Drone  
  24  2:28  Drone x2  
  25  2:38  Drone x2  
  25  2:39  Queen  
  25  2:43  Metabolic Boost  
  29  2:49  Queen  
  31  3:02  Spine Crawler  
  31  3:04  Evolution Chamber  
  29  3:06  Drone, Evolution Chamber  
  29  3:14  Drone x3  
  32  3:20  Overlord  
  32  3:21  Drone  
  33  3:27  Drone x2  
  33  3:31  Drone  
  36  3:37  Extractor  
  35  3:44  Drone  
  35  3:45  Drone x2  
  35  3:46  Roach Warren  
  35  3:48  Drone  
  38  3:50  Drone  
  38  3:52  Drone  
  38  3:54  Drone  
  41  3:55  Drone  
  41  3:57  Drone  
  41  4:01  Drone  
  44  4:05  Overlord  
  44  4:14  Overlord x2  
  44  4:23  Extractor  
  43  4:25  Extractor, Zerg Ground Armor Level 1  
  43  4:27  Drone x3  
  45  4:36  Drone x5  
  45  4:37  Drone  
  51  4:45  Drone  
  52  4:49  Zerg Missile Weapons Level 1  
  52  4:55  Drone x2  
  54  5:03  Lair  
  54  5:07  Hatchery  
  53  5:14  Roach  
  53  5:15  Roach x2  
  53  5:17  Overlord x2  
  53  5:20  Overlord  
  59  5:33  Overlord  
  59  5:34  Overlord x3  
  59  5:36  Roach  
  59  5:39  Roach  
  59  5:42  Roach  
  65  5:44  Roach  
  65  5:48  Roach x2  
  71  5:52  Overlord  
  71  5:54  Roach  
  71  5:56  Roach  
  75  5:59  Roach  
  77  6:05  Hydralisk Den  
  76  6:18  Roach x2  
  78  6:19  Roach x3  
  78  6:22  Roach  
  78  6:23  Roach x2  
  84  6:27  Roach x2  
  78  6:33  Roach  
  78  6:37  Roach  
  76  6:43  Roach  
  70  6:50  Roach  
  70  6:53  Roach  
  66  6:56  Roach  
  64  7:06  Roach x3  
  64  7:08  Roach x3  
  66  7:09  Roach x2  
Tags
 
Add a new tag
Caveats
  • Supply blocks, unpowered buildings, or Contaminate may cause inaccurate times.
  • Supply counts are checked every 10 seconds.